Map: Ulrena

Players

zelderan - Winner!

  • Race: Zerg Zerg
  • League: Gold

CaptainKev

  • Race: Protoss Protoss
  • League: Gold

VOD

Have the link to the VOD?

Description

Time

  • Played on: Nov. 22, 2015, 6:57 p.m.
  • Length: 18:15
Show
View Real Time Build Order
Export as new Build Order

zelderan Zerg - Winner!

Build Orders: Hatch First 

Get SALT Encoding   

  12  0:00  Drone  
  13  0:12  Overlord  
  13  0:17  Drone  
  14  0:30  Drone  
  14  0:31  Drone  
  16  0:39  Drone  
  17  0:53  Hatchery  
  16  0:59  Drone x2  
  16  1:02  Extractor  
  17  1:11  Drone  
  18  1:21  Drone  
  19  1:34  Spawning Pool  
  18  1:44  Overlord  
  18  1:45  Drone  
  19  2:05  Drone x2  
  21  2:09  Drone  
  22  2:19  Drone x2  
  22  2:21  Queen  
  26  2:22  Queen  
  26  2:25  Zergling x2  
  29  2:36  Drone  
  30  2:37  Drone x2  
  32  2:50  Hatchery  
  31  2:51  Drone x2  
  31  2:57  Overlord  
  33  3:01  Queen  
  33  3:04  Drone  
  35  3:14  Zergling x2  
  35  3:19  Drone  
  37  3:20  Overlord  
  37  3:27  Drone  
  37  3:28  Drone  
  37  3:32  Queen  
  37  3:33  Zergling x2  
  37  3:34  Zergling x4  
  44  3:35  Metabolic Boost  
  44  3:37  Overlord  
  44  3:44  Drone  
  44  3:48  Drone x3  
  48  3:50  Drone  
  49  4:16  Drone x3  
  52  4:18  Extractor  
  52  4:20  Roach Warren  
  52  4:23  Evolution Chamber  
  52  4:24  Drone x3  
  51  4:25  Drone x5, Extractor  
  51  4:26  Queen  
  51  4:27  Overlord  
  58  4:35  Overlord  
  58  4:43  Drone x4  
  62  4:47  Drone x3  
  62  4:51  Overlord  
  65  5:01  Overlord x2  
  65  5:06  Lair  
  65  5:10  Roach x7  
  79  5:17  Roach  
  79  5:18  Roach x3  
  87  5:25  Roach x3  
  93  5:30  Roach x2  
  93  5:35  Drone  
  98  5:48  Spine Crawler, Roach x2  
  101  5:50  Spine Crawler  
  101  5:53  Spine Crawler  
  99  5:59  Roach x3  
  99  6:00  Overlord x2  
  99  6:04  Glial Reconstitution  
  105  6:05  Hatchery  
  105  6:11  Drone x2  
  106  6:13  Extractor  
  106  6:15  Overlord  
  105  6:31  Roach x2  
  105  6:32  Spine Crawler, Roach x2  
  113  6:33  Ravager x2  
  113  6:38  Drone x3  
  117  6:41  Drone x5  
  117  6:42  Overlord x2  
  117  6:43  Overlord  
  122  6:56  Zerg Missile Weapons Level 1  
  122  7:14  Evolution Chamber  
  121  7:17  Hydralisk Den  
  121  7:20  Overlord x2  
  121  7:21  Roach x3  
  121  7:22  Roach x5  
  136  7:38  Overlord x4  
  136  7:39  Overlord  
  136  7:40  Zergling x8  
  136  7:41  Zergling x8  
  144  7:46  Overlord  
  144  8:04  Zergling x14  
  144  8:05  Zergling x10  
  156  8:08  Zerg Melee Weapons Level 1  
  156  8:12  Drone x5  
  143  8:42  Roach x8  
  143  8:43  Lurker Den, Roach x3  
  143  8:47  Zergling x18  
  174  8:55  Queen  
  176  8:56  Overlord  
  176  8:57  Overlord x2  
  176  8:58  Hydralisk  
  178  9:08  Ravager x6  
  178  9:09  Ravager x4  
  188  9:13  Hydralisk  
  188  9:30  Hydralisk x2  
  188  9:31  Hydralisk x2  
  190  9:40  Hydralisk  
  190  9:41  Zergling x8  
  190  9:42  Zergling x4  
  198  9:49  Spore Crawler  
  198  9:50  Overseer x2  
  198  9:51  Overseer  
  197  10:06  Overlord x3  
  191  10:27  Hydralisk x4  
  199  10:30  Zerg Missile Weapons Level 2  
  199  10:36  Zerg Ground Armor Level 1  
  195  11:02  Lurker x2  
  195  11:04  Lurker  
  198  11:21  Infestation Pit  
  197  11:27  Hatchery  
  196  11:35  Pneumatized Carapace  
  145  12:03  Roach x7  
  145  12:04  Roach x6  
  154  12:14  Zergling x8  
  154  12:15  Zergling x20  
  148  12:16  Zergling x14  
  132  12:29  Zergling x6  
  107  12:56  Hydralisk x9  
  122  13:09  Spine Crawler  
  121  13:13  Extractor  
  121  13:14  Zergling x4  
  121  13:15  Extractor, Zergling x14  
  128  13:34  Queen  
  130  13:43  Hive  
  130  13:47  Nydus Network  
  129  13:48  Hydralisk x5  
  129  13:49  Hydralisk x4  
  129  13:52  Zergling x16  
  155  14:01  Drone x6  
  161  14:10  Extractor x2  
  122  15:02  Hydralisk x3  
  122  15:03  Hydralisk x4  
  136  15:07  Hydralisk x8  
  136  15:08  Hydralisk x3  
  158  15:32  Zerg Missile Weapons Level 3  
  158  15:33  Zerg Ground Armor Level 2  
  158  15:50  Hydralisk x3  
  158  15:51  Hydralisk x10  
  158  15:57  Hatchery  
  183  16:03  Muscular Augments  
  90  16:38  Zergling x2  
  90  16:39  Zergling x18  
  100  16:40  Zergling x18  
  100  16:41  Zergling x4  
  109  16:50  Lurker x2  
  109  16:51  Lurker x2  
  114  16:54  Lurker x3  
  114  16:56  Hydralisk x3  
  114  16:57  Hydralisk x5  
  114  17:00  Zergling x6  
  135  17:09  Queen  
  135  17:11  Drone x4  
  124  17:38  Extractor  
  124  17:39  Roach x7  
  124  17:40  Roach x8, Extractor  
Show
View Real Time Build Order
Export as new Build Order

CaptainKev Protoss 

Build Orders: Nexus First 

Get SALT Encoding   

  12  0:02  Probe (Chrono Boost)  
  13  0:12  Probe (Chrono Boost)  
  14  0:23  Probe (Chrono Boost)  
  14  0:24  Pylon  
  15  0:42  Probe (Chrono Boost)  
  16  0:52  Probe (Chrono Boost)  
  17  1:03  Probe (Chrono Boost), Nexus  
  18  1:21  Forge  
  18  1:23  Assimilator  
  18  1:27  Probe (Chrono Boost)  
  19  1:37  Probe (Chrono Boost)  
  20  1:44  Pylon  
  20  1:48  Probe (Chrono Boost)  
  21  2:02  Probe (Chrono Boost)  
  22  2:11  Assimilator  
  22  2:13  Probe (Chrono Boost)  
  22  2:14  Gateway  
  24  2:15  Probe (Chrono Boost)  
  24  2:23  Probe (Chrono Boost)  
  24  2:24  Photon Cannon  
  24  2:26  Probe (Chrono Boost)  
  26  2:34  Probe (Chrono Boost)  
  26  2:36  Probe (Chrono Boost)  
  28  2:40  Photon Cannon  
  28  2:44  Probe (Chrono Boost)  
  28  2:47  Probe (Chrono Boost)  
  30  2:58  Protoss Ground Weapons Level 1 (Chrono Boost)  
  30  3:00  Probe x2 (Chrono Boost)  
  30  3:03  Zealot  
  34  3:11  Probe x2 (Chrono Boost)  
  36  3:20  Assimilator  
  36  3:21  Probe x2 (Chrono Boost)  
  36  3:23  Assimilator  
  38  3:30  Probe  
  38  3:32  Probe  
  40  3:37  Cybernetics Core  
  40  3:39  Zealot  
  40  3:41  Probe  
  42  3:44  Probe  
  44  3:51  Probe  
  45  3:56  Probe  
  45  3:58  Gateway x2  
  45  4:01  Pylon  
  46  4:16  Zealot, Pylon, Warp Gate (Chrono Boost)  
  46  4:18  Probe  
  46  4:19  Probe  
  46  4:21  Pylon  
  50  4:49  Gateway  
  50  4:52  Gateway  
  50  4:54  Gateway, Twilight Council  
  50  4:55  Stalker, Protoss Ground Armor Level 1 (Chrono Boost)  
  50  4:57  Gateway x2  
  50  4:59  Stalker x2  
  56  5:05  Mothership Core  
  58  5:34  Robotics Facility  
  58  5:41  Probe x2  
  60  5:53  Probe x2  
  61  6:07  Robotics Facility  
  61  6:08  Robotics Facility  
  61  6:19  Blink (Chrono Boost)  
  61  6:27  Stalker x4  
  69  6:45  Nexus  
  69  6:46  Pylon  
  69  6:47  Pylon  
  69  7:04  Immortal x2  
  69  7:06  Immortal  
  69  7:07  Pylon  
  81  7:08  Pylon  
  81  7:09  Probe x2  
  81  7:10  Pylon  
  81  7:12  Pylon  
  81  7:13  Pylon  
  81  7:14  Pylon  
  83  7:21  Probe x2  
  85  7:29  Stalker x5  
  95  7:32  Stalker  
  95  7:33  Probe x2  
  99  7:47  Immortal  
  99  7:49  Immortal  
  107  7:55  Probe  
  107  7:57  Probe x2  
  110  8:09  Probe x2  
  113  8:13  Observer  
  89  8:35  Stalker x5  
  89  8:36  Stalker x3  
  105  8:47  Probe  
  105  8:48  Probe x2  
  108  8:58  Stalker x2  
  108  8:59  Stalker x6  
  124  9:11  Immortal x2  
  121  9:43  Immortal  
  125  9:48  Stalker x2  
  125  9:49  Stalker x6  
  125  9:50  Immortal  
  125  9:51  Observer  
  146  10:10  Protoss Ground Weapons Level 2 (Chrono Boost)  
  146  10:24  Immortal  
  146  10:31  Assimilator  
  146  10:33  Assimilator  
  146  10:36  Pylon x3  
  146  10:37  Pylon  
  146  10:38  Pylon  
  146  10:52  Immortal  
  146  10:54  Immortal  
  152  11:03  Immortal  
  156  11:27  Nexus  
  156  11:28  Stalker, Assimilator  
  156  11:29  Stalker x7  
  172  11:34  Immortal x2  
  172  11:35  Assimilator  
  180  11:45  Observer  
  118  12:24  Protoss Ground Armor Level 2 (Chrono Boost)  
  118  12:26  Stalker x3  
  118  12:27  Stalker x4  
  118  12:28  Stalker  
  97  13:15  Immortal x3  
  109  13:24  Robotics Bay  
  109  13:30  Stalker x3  
  109  13:33  Mothership Core  
  129  14:09  Observer  
  118  14:11  Colossus x2  
  130  14:19  Nexus  
  130  14:21  Stalker x4  
  130  14:22  Stalker x4  
  130  14:23  Protoss Ground Weapons Level 3 (Chrono Boost)  
  146  14:29  Colossus  
  111  15:04  Colossus x2  
  123  15:23  Colossus  
  123  15:25  Zealot x3  
  123  15:26  Zealot x5  
  145  15:58  Colossus x2  
  149  16:16  Colossus  
  113  16:27  Zealot x6  
  113  16:28  Zealot x2  
  117  16:44  Probe x2  
  117  16:45  Probe x2  
  121  16:51  Colossus x2  
  133  16:55  Probe  
  133  16:57  Probe  
  133  17:01  Stalker x5  
  145  17:12  Colossus (Chrono Boost)  
  151  17:27  Nexus  
  139  17:47  Observer (Chrono Boost)  
Tags
 
Add a new tag
Caveats
  • Supply blocks, unpowered buildings, or Contaminate may cause inaccurate times.
  • Supply counts are checked every 10 seconds.